 Dungeon Crawl Stone Soup version 0.31-a0-1074-g0b22e4e0f1 (webtiles) character file.

Game seed: 1253546514587043411

28 drugrobin the Sneak (level 2, -1/25 HPs)
             Began as a Demigod Delver on Dec 3, 2023.
             Shot with a sling bullet by a goblin (5 damage)
             ... led by Robin
             ... on level 2 of the Dungeon.
             The game lasted 00:02:06 (487 turns).

drugrobin the Sneak (Demigod Delver)                 Turns: 487, Time: 00:02:06

Health: -1/25      AC:  3    Str: 13    XL:     2   Next: 75%
Magic:  4/4        EV: 11    Int: 12    God:
Gold:   31         SH:  0    Dex: 15    Spells: 1/1 levels left

rFire   . . .        a - +0 mace
rCold   . . .        (no shield)
rNeg    . . .        b - +0 leather armour
rPois   .            (no helmet)
rElec   .            (no cloak)
rCorr   .            (no gloves)
SInv    .            (no boots)
Will    .....        (no amulet)
Stlth   +++          (no ring)
HPRegen 0.24/turn    (no ring)
MPRegen 0.09/turn

%: no passive effects
@: no status effects
A: high MP 1, forlorn, divine attributes
a: no special abilities


You were on level 2 of the Dungeon.
You visited 1 branch of the dungeon, and saw 4 of its levels.

You collected 31 gold pieces.

Inventory:

Hand Weapons
 a - a +0 mace (weapon)
Missiles
 m - 5 poisoned darts
Armour
 b - a +0 leather armour (worn)
 i - a +0 ring mail
 q - a +1 robe of resistance
Jewellery
 h - a ring of resist corrosion
Wands
 g - a wand of digging (3)
 k - a wand of roots (6)
Scrolls
 c - a scroll of fog
 d - a scroll of revelation
 l - a scroll of silence {unknown}
 o - a scroll of identify {unknown}
 p - a scroll of enchant armour {unknown}
Potions
 f - a potion of haste
 j - a potion of berserk rage {unknown}
 n - a potion of might {unknown}


   Skills:
 - Level 2.6 Fighting
 + Level 3.2 Maces & Flails
 - Level 1.7 Dodging
 - Level 4.5 Stealth


You had one spell level left.
You didn't know any spells.
Your spell library was empty.

Dungeon Overview and Level Annotations

Branches:
Dungeon (5/15)
 Temple: D:4-7

Annotations:
D:2 Robin
D:5 exclusions: black bear and iguana


Innate Abilities, Weirdness & Mutations

You have an increased reservoir of magic. (+10% MP)
You shall have no god before yourself.
Your divine heritage dramatically boosts your attributes as you level up.


Message History

The hobgoblin shouts!
You hit the goblin.
You kill the goblin!
Robin throws the goblin at you! The goblin hits you but does no damage.
Unknown command.
Unknown command.
Unknown command.
You closely miss the goblin. The goblin hits you with a +0 dagger.
The goblin barely misses you.
Unknown command.
Unknown command.
You barely miss the goblin. You punch the goblin, but do no damage.
The goblin barely misses you. The goblin hits you with a +0 club.
Unknown command.
Unknown command.
You hit the goblin.
The goblin is severely wounded.
The goblin no longer looks unusually strong.
The goblin hits you with a +0 dagger. The goblin closely misses you.
The goblin barely misses you.
Unknown command.
You hit the goblin.
The goblin is severely wounded.
Robin roars a battlecry!
The goblin goes into a battle-frenzy!
The goblin hits you with a +0 club. The goblin misses you.
The goblin hits you with a +0 club.
* * * LOW HITPOINT WARNING * * *
Unknown command.
As you read the scroll of fear, it crumbles to dust.
You assume a fearsome visage.
Robin looks frightened!
The goblin looks frightened! x3; The hobgoblin looks frightened! x2
Robin howls, "Help!"; The goblin moans, "Oh dear!
Oh dear!"
There is an open door, spattered with blood here.
The goblin shoots a sling bullet.
The sling bullet hits you but does no damage.
A bat comes into view.
Found 5 gold pieces.
The goblin shoots a sling bullet.
The sling bullet hits you.
You die...

##$# # # #... .. .#
##...##.##.#
#....b#.... .
#.....#..# # ...
.......# .#
#....#.....#.#.#
.......@......gg
#+####.#.###.#.#
...#.....#.#
..####...###.#
...........###g# #
#+###......g.).# ..$
#......###g##.....
.........g..g..#
###......###..g...gg


You could see Robin (fleeing), a goblin and a bat.

Vanquished Creatures
  2 adders (D:4)
  A dart slug (D:5)
  An orc (D:5)
  3 goblins (D:2)
  A quokka (D:4)
8 creatures vanquished.

Notes
Turn   | Place    | Note
-------+----------+-------------------------------------------
     0 | D:5      | drugrobin the Demigod Delver began the quest for the Orb.
     0 | D:5      | Reached XP level 1. HP: 18/18 MP: 3/3
     1 | D:5      | Noticed a black bear
    27 | D:5      | Noticed an iguana
   188 | D:4      | Reached XP level 2. HP: 9/25 MP: 4/4
   466 | D:2      | Noticed Robin
   487 | D:2      | Shot with a sling bullet by a goblin

Illustrated notes

Levels and vault maps discovered:
D:2:      wad_lake_hut, layout_basic, corexii_corridor_pit, minmay_unequal,
          uniq_robin
D:3:      minmay_spotlight, layout_basic, lemuel_doored_altar,
          mainiacjoe_overflow_cross_hatched, uniq_grinder
D:4:      layout_basic, tgw_kikubaaqudgha, uniq_edmund
D:5:      layout_cave_pools, zin_statuary, chequers_serial_rivers_small_3

Skill      XL: |  1  2 |
---------------+-------+-----
Maces & Flails | 2 3 |  3.2
Fighting       | |  2.6
Dodging        | |  1.7
Stealth        | |  4.5

Action                     || total
---------------------------++-------
  Melee: Mace              ||    40
         Punch             ||     1
  Evoke: Wand              ||     1
    Use: Scroll            ||     1
 Armour: Leather armour    ||    37
  Dodge: Dodged            ||    37

Table legend: (Time is in decaauts)
 A = Elapsed time spent in this place.
 B = Non-inter-level travel time spent in this place.
 C = Inter-level travel time spent in this place.
 D = Time resting spent in this place.
 E = Time spent auto-exploring this place.
 F = Levels seen in this place.
 G = Mean time per level.
                   A        B        C        D        E       F      G
               +--------+--------+--------+--------+--------+-----+--------+
         Total |    497 |    490 |      7 |    119 |    146 |   4 |  124.2 |
       Dungeon |    497 |    490 |      7 |    119 |    146 |   4 |  124.2 |
               +--------+--------+--------+--------+--------+-----+--------+

Top non-repeatable levels by time:
     D:4: 293 daAuts
     D:5: 173 daAuts
     D:2: 22 daAuts
     D:3: 8 daAuts
